 Dungeon Crawl Stone Soup version 0.22-a0-469-gf26638a (webtiles) character file.

103107 iamserjio the Spry (level 15, -1/85 HPs)
             Began as a Spriggan Monk on June 13, 2018.
             Was an Initiate of Gozag.
             Slain by a halberd of freezing (29 damage)
             ... on level 2 of the Orcish Mines.
             The game lasted 01:46:13 (41443 turns).

iamserjio the Spry (Spriggan Monk)                 Turns: 41443, Time: 01:46:13

Health: -1/85      AC:  9    Str: 10    XL:     15   Next: 88%
Magic:  25/25      EV: 33    Int: 14    God:    Gozag
Gold:   6996       SH: 14    Dex: 20    Spells: 18/26 levels left

rFire    + + .     SeeInvis +   Y - +10 falchion of Chance {holy, rPois rF- Stlth+}
rCold    + + .     Gourm    .   W - +3 buckler
rNeg     . . .     Faith    .   O - +2 robe {rC+ rF+}
rPois    +         Spirit   .   N - +2 hat
rElec    .         Reflect  +   x - +2 cloak
rCorr    .         Harm     .   (gloves unavailable)
MR       +++..                  (boots unavailable)
Stlth    +++++++...             q - +4 amulet of reflection
HPRegen  0.24/turn              Z - ring of Powicooc {rF++ rC+ MR+}
MPRegen  0.19/turn              H - +3 ring of slaying

@: very quick
A: very small, unfitting armour, see invisible, herbivore, speed 3, slow
metabolism 2, subdued magic 1
a: Potion Petition, Call Merchant, Bribe Branch, Renounce Religion


You were on level 2 of the Orcish Mines.
You worshipped Gozag.
Gozag was greatly pleased with you.
You were hungry.

You visited 5 branches of the dungeon, and saw 25 of its levels.
You also visited: Ice Cave.

You collected 8297 gold pieces.
You spent 1117 gold pieces at shops.
You paid 184 gold pieces to Gozag.

Inventory:

Hand Weapons
 t - a +1 antimagic short sword
 v - a +0 falchion of electrocution
 y - a +2 dagger of electrocution
 Y - the +10 falchion of Chance (weapon) {holy, rPois rF- Stlth+}
   (You bought it in a shop on level 2 of the Orcish Mines)

   It has been blessed by the Shining One to cause great damage to the undead
   and demons.
   It makes you vulnerable to fire.
   It protects you from poison.
   It makes you more stealthy.
Missiles
 d - 599 stones (quivered)
 p - 3 throwing nets
Armour
 x - a +2 cloak (worn)
 N - a +2 hat (worn)
 O - a +2 robe of resistance (worn)
 W - a +3 buckler (worn)
Jewellery
 b - an uncursed ring of protection from magic
 k - an uncursed ring of stealth
 q - a +4 amulet of reflection (around neck)
 H - a +3 ring of slaying (right hand)
 I - a +3 ring of protection
 Q - an uncursed ring of protection from fire
 R - an uncursed amulet of rage
 Z - the ring of Powicooc (left hand) {rF++ rC+ MR+}
   (You bought it in a shop on level 2 of the Orcish Mines)

   [ring of protection from cold]

   It greatly protects you from fire.
   It protects you from cold.
   It affects your resistance to hostile enchantments.
Wands
 a - a wand of digging (13)
 o - a wand of acid (10)
 z - a wand of enslavement (41)
 J - a wand of iceblast (2)
 U - a wand of polymorph (7)
 X - a wand of paralysis (6)
Scrolls
 f - 4 scrolls of immolation
 h - a scroll of vulnerability
 i - 15 scrolls of remove curse
 l - 19 scrolls of teleportation
 m - 5 scrolls of enchant weapon
 n - 4 scrolls of enchant armour
 r - 2 scrolls of magic mapping
 u - 6 scrolls of fear
 D - 7 scrolls of fog
 L - 5 scrolls of blinking
Potions
 e - a potion of haste
 g - 4 potions of heal wounds
 j - 6 potions of curing
 s - 2 potions of brilliance
 w - 3 potions of ambrosia
 A - 2 potions of cancellation
 C - 4 potions of lignification
 F - 5 potions of might
 G - a potion of magic
 K - 2 potions of flight
 M - a potion of invisibility
 V - a potion of mutation
Miscellaneous
 E - a box of beasts
Comestibles
 c - 27 rations


   Skills:
 + Level 12.8 Fighting
 - Level 14.0(14.4) Short Blades
 * Level 4.9(8.8) Long Blades
 - Level 17.0 Dodging
 + Level 15.8 Stealth
 + Level 2.9 Shields
 - Level 6.0 Spellcasting
 + Level 10.7 Hexes
 - Level 3.0 Translocations
 + Level 7.3 Evocations


You had 18 spell levels left.
You knew the following spells:

 Your Spells              Type           Power        Failure   Level  Hunger
a - Blink                 Tloc           N/A          8%          2    #......
b - Confuse               Hex            ####....     1%          3    ###....
c - Slow                  Hex            ####....     1%          2    #......
d - Apportation           Tloc           #.....       4%          1    None

Your spell library contained the following spells:

 Spells                   Type           Power        Failure   Level  Hunger
 Magic Dart               Conj           #...         19%         1    None
 Conjure Flame            Conj/Fire      #.......     50%         3    ###....
 Bolt of Magma            Conj/Fire/Erth #.........   99%         5    ######.
 Throw Frost              Conj/Ice       #.....       28%         2    #......
 Mephitic Cloud           Conj/Pois/Air  #.......     50%         3    ###....
 Venom Bolt               Conj/Pois      #.........   99%         5    ######.
 Teleport Other           Tloc           #.......     16%         3    ###....
 Summon Small Mammal      Summ           #...         19%         1    None
 Iskenderun's Mystic Bla  Conj           #.......     89%         4    ####...
 Animate Dead             Necr           N/A          89%         4    ####...
 Pain                     Necr           #...         19%         1    None
 Animate Skeleton         Necr           N/A          19%         1    None
 Vampiric Draining        Necr           #.........   50%         3    ###....
 Freeze                   Ice            #...         19%         1    None
 Summon Ice Beast         Ice/Summ       #.......     89%         4    ####...
 Ozocubu's Armour         Chrm/Ice       #.......     50%         3    ###....
 Call Imp                 Summ           #.......     28%         2    #......
 Regeneration             Chrm/Necr      #.........   50%         3    ###....
 Iron Shot                Conj/Erth      #.........   100%        6    #######
 Spider Form              Tmut/Pois      #.........   50%         3    ###....
 Blade Hands              Tmut           #.........   99%         5    ######.
 Ice Form                 Ice/Tmut       #.......     89%         4    ####...
 Throw Icicle             Conj/Ice       #.......     89%         4    ####...
 Confusing Touch          Hex            ####..       1%          1    None
 Sticks to Snakes         Tmut           #.......     28%         2    #......
 Metabolic Englaciation   Hex/Ice        ##........   50%         5    ######.
 Petrify                  Tmut/Erth      #.......     89%         4    ####...
 Passage of Golubria      Tloc           N/A          47%         4    ####...
 Orb of Destruction       Conj           #.........   100%        7    #######
 Shroud of Golubria       Chrm/Tloc      #.........   14%         2    #......
 Beastly Appendage        Tmut           #.....       19%         1    None
 Iskenderun's Battlesphe  Conj/Chrm      #.......     99%         5    ######.
 Fulminant Prism          Conj/Hex       ##........   21%         4    ####...
 Dazzling Spray           Conj/Hex       ##....       5%          3    ###....
 Force Lance              Conj/Tloc      #.......     71%         4    ####...
 Searing Ray              Conj           #.....       28%         2    #......
 Spellforged Servitor     Conj/Summ      #.........   100%        7    #######
 Gell's Gravitas          Tloc           #.........   16%         3    ###....
 Yara's Violent Unravell  Hex/Tmut       ##........   50%         5    ######.
 Lesser Beckoning         Tloc           #.........   16%         3    ###....


Dungeon Overview and Level Annotations

Branches:
Dungeon (15/15)            Temple (1/1) D:5            Lair (6/6) D:11
  Swamp (0/4) Lair:3        Snake (0/4) Lair:4        Slime (0/5) Lair:5
    Orc (2/2) D:10            Elf (1/3) Orc:2        Vaults (0/5) D:14
 Depths (0/5) D:15

Altars:
Ashenzari
Cheibriados
Dithmenos
Elyvilon
Fedhas
Gozag
Hepliaklqana
Kikubaaqudgha
Makhleb
Nemelex Xobeh
Okawaru
Qazlal
Ru
Sif Muna
Trog
Uskayaw
Vehumet
Wu Jian
Xom
Yredelemnul
Zin
The Shining One

Shops:
Orc:2 (==((   Elf:1 :[

Annotations:
D:9 exclusion: door
Lair:4 1 exclusion
Elf:1 1 exclusion


Innate Abilities, Weirdness & Mutations

You are very small and have problems with some larger weapons.
You are too small for most types of armour.
You have supernaturally acute eyesight. (SInv)
You are a herbivore.
You cover ground extremely quickly.
You need to consume almost no food.
Your spells are a little easier to cast, but a little less powerful.


Message History

You slash the halberd of freezing!
The halberd of freezing is moderately damaged.
The halberd of freezing misses you.
You hit the halberd of freezing.
The halberd of freezing is moderately damaged.
The halberd of freezing hits you! The halberd of freezing freezes you.
You slash the halberd of freezing!
The halberd of freezing is severely damaged.
You block the halberd of freezing's attack.
You hit the halberd of freezing but do no damage.
The halberd of freezing is heavily damaged.
The halberd of freezing hits you!! The halberd of freezing freezes you.
You hit the halberd of freezing.
The halberd of freezing is severely damaged.
The halberd of freezing hits you.
You closely miss the halberd of freezing.
The halberd of freezing is severely damaged.
The halberd of freezing hits you!!
You die...
Your body crumbles into a pile of gold.

#....)......#..#...♣.∩.♣.
###.....#..............♣...
##..#.....#.................
#...............<...........
##...#.#.............#......
##..#..........#............
#......##......#...#........
###.##.###...........#.......
##....#####.(@...#............
#....## #...##...##..........
##.### ##>.###.^.#..........
#.# #...###.##.......... ...
##..# ##.#......#... ##.##
#...##........##### ###
#...###.....#.## #. ##.##
###..#...#### ## #####...##.


You could see a halberd of freezing.

Vanquished Creatures
  Louise (Elf:1)
  Nessos (Lair:4)
  An ettin (shapeshifter) (D:14)
  Snorg (D:14)
  A rakshasa (D:15)
  4 hydras
  The ghost of wazuzu the Covert, a journeyman VSEn of Kikubaaqudgha (Lair:1)
  A centaur warrior (D:14)
  A death knight (D:12)
  3 two-headed ogres
  3 orc high priests (Orc:2)
  4 deep elf knights (Elf:1)
  Urug (D:10)
  Sonja (D:10)
  A fire crab (D:14)
  2 unseen horrors (D:14)
  4 deep elf archers (Elf:1)
  A necromancer (IceCv)
  2 lindwurms
  A wizard (D:14)
  6 orc knights
  21 ugly things
  10 deep elf magi (Elf:1)
  The ghost of Avalon the Grave Robber, a novice GnNe (D:6)
  5 orc sorcerers
  A centaur zombie (D:14)
  A cyclops (D:14)
  9 elephants
  3 black mambas
  An ice statue (IceCv)
  24 spiny frogs
  A torpor snail (Lair:4)
  Psyche (D:8)
  10 freezing wraiths (IceCv)
  2 rime drakes
  6 komodo dragons
  An efreet (D:15)
  6 trolls
  3 meliai (D:14)
  8 tyrant leeches
  Prince Ribbit (D:7)
  7 slime creatures
  41 blink frogs
  11 dream sheep
  2 hornets
  17 hippogriffs
  A shadow (D:14)
  Sigmund (D:3)
  2 air elementals (Elf:1)
  4 basilisks
  A water elemental (Elf:1)
  A spriggan (D:11)
  4 wyverns
  4 hogs (D:7)
  Eustachio (D:6)
  2 tarantellas (shapeshifter) (D:15)
  38 yaks
  A steam dragon (D:10)
  9 vampire mosquitoes
  16 humans
  3 swamp worms (Lair:4)
  2 death yak simulacra (IceCv)
  A warg (Orc:2)
  An acid dragon (D:14)
  12 water moccasins
  5 porcupines
  8 ogres
  27 orc warriors
  9 ice beasts
  6 phantoms
  2 black bears
  A swamp drake (shapeshifter) (D:15)
  An eye of draining (shapeshifter) (Elf:1)
  4 sky beasts
  6 centaurs
  A hornet zombie (D:11)
  An alligator simulacrum (IceCv)
  4 boggarts (D:15)
  22 wolves
  8 crocodiles
  A big kobold (D:7)
  28 bullfrogs
  A wyvern skeleton (D:9)
  4 scorpions
  An elephant simulacrum (IceCv)
  8 wights
  3 killer bees (D:13)
  3 electric eels
  7 jellies
  8 crimson imps
  A quasit (D:13)
  4 draconian simulacra (IceCv)
  A bullfrog skeleton (D:4)
  A bullfrog zombie (D:8)
  4 gnoll shamans (D:7)
  6 hounds
  21 orc priests
  Crazy Yiuf (D:3)
  33 orc wizards
  3 centaur skeletons
  15 worker ants
  Natasha (twice) (D:2)
  5 iguanas
  5 spriggan simulacra (IceCv)
  A troll simulacrum (IceCv)
  3 centaur simulacra (IceCv)
  A howler monkey zombie (D:11)
  A worker ant zombie (D:11)
  Robin (D:4)
  9 gnolls
  2 naga simulacra (IceCv)
  4 ogre simulacra (IceCv)
  12 adders
  5 shadow imps
  24 white imps
  4 oozes
  3 adder skeletons
  3 worms (D:2)
  3 dart slugs
  5 leopard geckos
  85 orcs
  6 bats
  4 giant cockroaches
  9 hobgoblins
  2 jackals (D:7)
  8 kobolds
  4 quokkas
  3 ball pythons
  10 frilled lizards
  21 goblins
  A jackal skeleton (D:4)
  2 leopard gecko skeletons
  A leopard gecko zombie (D:8)
  A quokka skeleton (D:9)
  12 rats
  2 plants (D:7)
861 creatures vanquished.

Vanquished Creatures (others)
  A hippogriff (Lair:5)
  A human (D:14)
  A centaur simulacrum (IceCv)
  An orc (Orc:2)
  6 fungi
  34 plants
44 creatures vanquished.

Grand Total: 905 creatures vanquished

Notes
Turn   | Place    | Note
-------+----------+-------------------------------------------
     0 | D:1      | iamserjio the Spriggan Monk began the quest for the Orb.
     0 | D:1      | Reached XP level 1. HP: 11/11 MP: 2/2
   205 | D:1      | Reached XP level 2. HP: 11/16 MP: 3/3
   674 | D:1      | Reached XP level 3. HP: 19/19 MP: 4/4
  1753 | D:2      | Reached skill level 5 in Dodging
  1905 | D:2      | Reached XP level 4. HP: 23/23 MP: 5/5
  3399 | D:3      | Found a blossoming altar of Fedhas.
  3409 | D:3      | Noticed Natasha
  3572 | D:2      | Killed Natasha
  3572 | D:2      | Reached XP level 5. HP: 28/28 MP: 6/6
  3583 | D:2      | Noticed Natasha
  3588 | D:2      | Killed Natasha
  3768 | D:3      | Reached skill level 5 in Short Blades
  3849 | D:3      | Found a runed door.
  4045 | D:3      | Noticed Crazy Yiuf
  4046 | D:3      | Killed Crazy Yiuf
  4046 | D:3      | Reached skill level 5 in Stealth
  4114 | D:4      | Noticed Robin
  4400 | D:4      | Killed Robin
  4585 | D:4      | Reached XP level 6. HP: 30/32 MP: 7/7
  4658 | D:4      | Reached skill level 6 in Dodging
  5172 | D:4      | Noticed a hippogriff
  5186 | D:4      | Killed a hippogriff
  5186 | D:4      | Reached XP level 7. HP: 22/37 MP: 8/8
  6022 | D:3      | Noticed Sigmund
  6025 | D:3      | Killed Sigmund
  6025 | D:3      | Reached skill level 7 in Dodging
  6090 | D:5      | Entered Level 5 of the Dungeon
  6302 | D:5      | Found a staircase to the Ecumenical Temple.
  6389 | D:5      | Reached XP level 8. HP: 42/42 MP: 9/9
  6828 | D:6      | Noticed Avalon's ghost (novice GnNe)
  6931 | Temple   | Entered the Ecumenical Temple
  7121 | Temple   | Became a worshipper of Gozag Ym Sagoz the Greedy
  7521 | D:6      | Noticed Eustachio
  7524 | D:6      | Killed Eustachio
  7524 | D:6      | Reached skill level 8 in Dodging
  8465 | D:7      | Noticed a hippogriff
  8470 | D:7      | Noticed a hippogriff
  8476 | D:7      | Killed a hippogriff
  8478 | D:7      | Reached skill level 5 in Fighting
  8486 | D:7      | Killed a hippogriff
  8486 | D:7      | Reached XP level 9. HP: 26/47 MP: 10/10
  8800 | D:7      | Reached skill level 9 in Dodging
  9081 | D:7      | Reached skill level 10 in Short Blades
  9109 | D:7      | Noticed Prince Ribbit
  9119 | D:7      | Killed Prince Ribbit
  9455 | D:7      | Reached skill level 10 in Dodging
 10231 | D:7      | Reached skill level 1 in Evocations
 10650 | D:8      | Noticed Psyche
 10652 | D:8      | Killed Psyche
 10652 | D:8      | Reached XP level 10. HP: 53/53 MP: 10/12
 11381 | D:6      | Killed Avalon's ghost
 11755 | D:9      | Reached skill level 11 in Dodging
 11905 | D:9      | Found a deep blue altar of Sif Muna.
 12454 | D:10     | Entered Level 10 of the Dungeon
 12454 | D:10     | Found a staircase to the Orcish Mines.
 12523 | D:10     | Noticed Sonja
 12588 | D:10     | Killed Sonja
 12588 | D:10     | Reached skill level 5 in Evocations
 12965 | D:10     | Reached XP level 11. HP: 57/58 MP: 15/15
 13283 | D:10     | Noticed a two-headed ogre
 13292 | D:10     | Killed a two-headed ogre
 13317 | D:10     | Noticed Urug
 13338 | D:10     | Killed Urug
 13338 | D:10     | Reached skill level 12 in Dodging
 13338 | D:10     | Reached skill level 10 in Stealth
 13707 | D:11     | Learned a level 2 spell: Blink
 13711 | D:11     | Learned a level 3 spell: Confuse
 14094 | D:11     | Reached skill level 1 in Hexes
 14106 | D:11     | Reached skill level 1 in Translocations
 14201 | D:11     | Reached skill level 1 in Spellcasting
 14683 | D:11     | Found a staircase to the Lair.
 14838 | Orc:1    | Entered Level 1 of the Orcish Mines
 14997 | Orc:2    | Entered Level 2 of the Orcish Mines
 15184 | Lair:1   | Entered Level 1 of the Lair of Beasts
 15240 | Lair:1   | Noticed a spriggan rider
 15658 | Lair:1   | Noticed wazuzu's ghost (journeyman VSEn)
 16152 | Lair:1   | Reached XP level 12. HP: 64/64 MP: 17/17
 17201 | Lair:1   | Killed wazuzu's ghost
 17201 | Lair:1   | Reached skill level 5 in Hexes
 18196 | Lair:3   | Found a staircase to the Swamp.
 18403 | Lair:3   | Reached skill level 13 in Dodging
 19419 | Lair:4   | Found a frozen archway.
 19462 | Lair:4   | Noticed Nessos
 19491 | Lair:4   | Killed Nessos
 19491 | Lair:4   | Reached skill level 5 in Spellcasting
 19497 | IceCv    | Entered an ice cave
 20164 | IceCv    | Reached XP level 13. HP: 59/70 MP: 11/21
 20290 | IceCv    | Learned a level 2 spell: Slow
 20292 | IceCv    | Learned a level 1 spell: Apportation
 20467 | IceCv    | Found an ancient bone altar of Kikubaaqudgha.
 21245 | IceCv    | Got a steaming pewter ring
 21724 | Lair:4   | Identified the ring of Untruth {Ice -Tele rPois Int+4} (You took it off a necromancer in an ice cave)
 22150 | Lair:4   | Reached skill level 14 in Dodging
 22388 | Lair:4   | Found a staircase to the Snake Pit.
 22852 | Lair:4   | Reached skill level 10 in Fighting
 23715 | Lair:5   | Found a staircase to the Slime Pits.
 25221 | Lair:6   | Entered Level 6 of the Lair of Beasts
 25689 | Lair:6   | Reached XP level 14. HP: 55/77 MP: 24/24
 26000 | Lair:6   | Reached skill level 15 in Dodging
 28239 | Lair:6   | Reached skill level 10 in Hexes
 28793 | Orc:2    | Gained mutation: Your spells are a little easier to cast, but a little less powerful. [a neqoxec]
 30587 | Orc:2    | Found Nyreunoelu's Antique Weapon Shop.
 30804 | Orc:2    | Found a staircase to the Elven Halls.
 31976 | Orc:2    | Reached skill level 16 in Dodging
 32105 | Orc:2    | Found Peosur's Jewellery Emporium.
 32105 | Orc:2    | Found Qiodod's Jewellery Shop.
 32109 | Orc:2    | Found Woasmauw's Antique Weapon Emporium.
 32109 | Orc:2    | Found Esueg's Antique Weapon Shop.
 32124 | Orc:2    | Bought a faintly glowing falchion for 176 gold pieces
 32124 | Orc:2    | Identified the +10 falchion of Chance {holy, rPois rF- Stlth+} (You bought it in a shop on level 2 of the Orcish Mines)
 32131 | Orc:2    | Bought the ring of Powicooc {rF++ rC+ MR+} for 661 gold pieces
 32136 | Orc:2    | Bought an uncursed ring of stealth for 280 gold pieces
 32621 | D:12     | Reached skill level 1 in Long Blades
 33894 | D:13     | Reached skill level 15 in Stealth
 34364 | D:13     | Reached XP level 15. HP: 84/84 MP: 25/25
 34530 | D:14     | Found a gate to the Vaults.
 34532 | D:14     | Reached skill level 1 in Shields
 34884 | D:14     | HP: 4/84 [centaur warrior/arrow (22)]
 35326 | D:14     | Noticed Snorg
 35586 | D:14     | Killed Snorg
 36303 | D:14     | Noticed a ghost moth
 36313 | D:14     | a ghost moth changed into an ettin
 37436 | D:15     | Entered Level 15 of the Dungeon
 38581 | D:15     | Found a staircase to the Depths.
 39502 | Elf:1    | Entered Level 1 of the Elven Halls
 39575 | Elf:1    | Found Hoycoc's Book Emporium.
 39576 | Elf:1    | Found Iresutoe's Antique Armour Shoppe.
 40629 | Elf:1    | Noticed Louise
 40962 | Elf:1    | Killed Louise
 41096 | Elf:1    | Reached skill level 17 in Dodging
 41443 | Orc:2    | Slain by a halberd of freezing

Vault maps used:
D:1:      tarquinn_simple_flora_water_c
D:2:      hex_intersection, kennysheep_generic_room_10
D:3:      overflow_temple_1_default, uniq_crazy_yiuf_cottage, uniq_sigmund,
          uniq_natasha
D:4:      uniq_robin
D:5:      minmay_temple_entry_purple_smoke, first_ration
D:6:      minmay_misc_feat_doors, uniq_eustachio
D:7:      kennysheep_seaside_town, kennysheep_big_empty_room,
          grunt_decor_arrowhead, grunt_livestock, uniq_prince_ribbit1
D:8:      uniq_psyche
D:9:      led_sif_book
D:10:     orc_0_dummy, minivault_22, grunt_ministairs_12, uniq_sonja, uniq_urug
D:11:     lair_entry_dummy
D:12:     nicolae_lava_and_water
D:14:     david_vaults_3, minivault_27, uniq_snorg
D:15:     gammafunk_enter_depths_forms, glass_columns_a,
          minmay_misc_feat_pillars
Temple:   minmay_crystal_snake_temple
Lair:1:   grunt_forest_large_clearings, infiniplex_staircase_pool_2
Lair:3:   swamp_mist_pool, lemuel_fruit_tree, serial_bayou_shore_a,
          grunt_megastairs_2
Lair:4:   dummy_snake_entry, portal_ice_cave_entry_imps, worms_lemuel,
          grunt_megastairs_1, uniq_nessos
Lair:5:   nicolae_slime_entry_slimehenge
Lair:6:   minmay_lair_end_frog_pond, minivault_25,
          nicolae_lair_grove_arrangements, zaba_anthole,
          infiniplex_staircase_pool
Orc:1:    mines2_lemuel
Orc:2:    grunt_orc_tribal_feast, serial_shops, nicolae_shop_trees
Elf:1:    serial_shops, shop_statue, minivault_28, lemuel_flamethrower_3,
          minmay_shoptagon, uniq_louise
IceCv:    ice_cave_small_necro

Skill      XL: |  1  2  3  4  5  6  7  8  9 10 11 12 13 14 15 |
---------------+----------------------------------------------+-----
Short Blades   | 4 5 6 7 9 10 12 13 14 | 14.0
Dodging        | 5 6 7 8 10 11 12 13 14 16 17 | 17.0
Stealth        | 4 5 6 7 8 9 10 12 13 15 | 15.8
Fighting       | 3 4 5 6 7 9 10 12 | 12.8
Evocations     | 1 5 7 |  7.3
Hexes          | 4 7 9 10 | 10.7
Translocations | 2 3 |  3.0
Spellcasting   | 3 5 6 |  6.0
Long Blades    | 2 4 |  4.9
Shields        | 2 |  2.9

Action                   |  1- 3 |  4- 6 |  7- 9 | 10-12 | 13-15 || total
-------------------------+-------+-------+-------+-------+-------++-------
Melee: Short sword       |    27 |       |    17 |       |    62 ||   106
       Dagger            |   144 |   277 |   337 |  1040 |  1359 ||  3157
       Falchion          |       |       |       |       |   774 ||   774
Throw: Stone             |       |     1 |       |     9 |    51 ||    61
 Cast: Confuse           |       |       |       |     7 |   102 ||   109
Invok: Potion Petition   |       |       |       |       |     2 ||     2
Evoke: Wand              |       |     6 |     2 |    34 |    26 ||    68
       Box of beasts     |       |       |       |       |     1 ||     1
  Use: Scroll            |       |       |    12 |    15 |    15 ||    42
       Potion            |       |       |       |     2 |     3 ||     5
 Stab: Sleeping          |    19 |    10 |    21 |    27 |    55 ||   132
       Distracted        |       |     1 |       |    11 |    35 ||    47
       Confused          |       |       |       |     4 |    33 ||    37
  Eat: Ration            |       |     1 |     2 |     6 |    17 ||    26
Armor: Robe              |     3 |    10 |    14 |    41 |   102 ||   170
Dodge: Dodged            |    70 |   135 |   147 |   600 |  1230 ||  2182
Block: Buckler           |       |    38 |    38 |   173 |   761 ||  1010
       Reflection        |       |       |       |       |    11 ||    11
       Rpst.: Falchion   |       |       |       |       |   126 ||   126

Table legend:
 A = Spawn XP
 B = Non-spawn XP
 C = Spawn XP percentage of total XP
 D = Spawn monster count
 E = Non-spawn monster count
 F = Spawn count percentage of total count
 G = Total turns spent on level
                    A         B        C        D         E        F      G
               +---------+---------+-------+---------+---------+-------+---------
         Total |       0 |  147296 |   0.0 |       0 |     860 |   0.0 | 41443
               +---------+---------+-------+---------+---------+-------+---------
           D:1 |       0 |      50 |   0.0 |       0 |      25 |   0.0 |  1889
           D:2 |       0 |     193 |   0.0 |       0 |      35 |   0.0 |  1759
           D:3 |       0 |     349 |   0.0 |       0 |      29 |   0.0 |   868
           D:4 |       0 |     722 |   0.0 |       0 |      27 |   0.0 |  1574
           D:5 |       0 |     329 |   0.0 |       0 |       9 |   0.0 |  1378
           D:6 |       0 |    1186 |   0.0 |       0 |      14 |   0.0 |   848
           D:7 |       0 |    2879 |   0.0 |       0 |      37 |   0.0 |  2294
           D:8 |       0 |    1353 |   0.0 |       0 |      18 |   0.0 |   787
           D:9 |       0 |    1560 |   0.0 |       0 |      25 |   0.0 |   847
          D:10 |       0 |    5703 |   0.0 |       0 |      45 |   0.0 |  1310
          D:11 |       0 |    3770 |   0.0 |       0 |      52 |   0.0 |  1977
          D:12 |       0 |    4004 |   0.0 |       0 |      25 |   0.0 |  1169
          D:13 |       0 |    7618 |   0.0 |       0 |      33 |   0.0 |  2248
          D:14 |       0 |   22019 |   0.0 |       0 |      69 |   0.0 |  2134
          D:15 |       0 |    7615 |   0.0 |       0 |      23 |   0.0 |  1686
        Lair:1 |       0 |    6735 |   0.0 |       0 |      31 |   0.0 |  1761
        Lair:2 |       0 |    2171 |   0.0 |       0 |       8 |   0.0 |   710
        Lair:3 |       0 |    6708 |   0.0 |       0 |      23 |   0.0 |  1460
        Lair:4 |       0 |   13095 |   0.0 |       0 |      54 |   0.0 |  1680
        Lair:5 |       0 |    5791 |   0.0 |       0 |      28 |   0.0 |  2427
        Lair:6 |       0 |   20251 |   0.0 |       0 |      79 |   0.0 |  2416
         Orc:1 |       0 |    5302 |   0.0 |       0 |      49 |   0.0 |  1783
         Orc:2 |       0 |    8027 |   0.0 |       0 |      46 |   0.0 |  2590
         Elf:1 |       0 |   13472 |   0.0 |       0 |      23 |   0.0 |  1413
         IceCv |       0 |    6394 |   0.0 |       0 |      53 |   0.0 |  2225
               +---------+---------+-------+---------+---------+-------+---------
